[Event "*** Titled Tuesday 3|2 Blitz"]
[Site "Chess.com"]
[Date "2015.10.06"]
[Round "8"]
[White "Carolina-moon"]
[Black "ruifeng"]
[Result "0-1"]
[WhiteElo "2031"]
[BlackElo "2132"]
[TimeControl "180+2"]
[EndTime "12:41:32 PDT"]
[Termination "ruifeng won on time"]

1. e4 e6 2. Nf3 d5 3. Nc3 Nf6 4. e5 Nfd7 5. d4 c5 6. dxc5 Bxc5 7. Bd3 Nc6 8. Bf4 f6 9. exf6 Qxf6 10. Bg5 Qf7 11. Qe2 O-O 12. O-O-O Nb4 13. Rhe1 Nxd3+ 14. Rxd3 Nb6 15. Be3 Bb4 16. Ne5 Qf5 17. Bd4 Nc4 18. Rf3 Qg5+ 19. Kb1 Nd2+ 20. Ka1 Nxf3 21. gxf3 b6 22.
a3 Bc5 23. Bxc5 bxc5 24. Qb5 a5 25. Qc6 Ra7 26. Qxc5 Qe7 27. Qd4 Rc7 28. Rg1 Qf6 0-1

[Event "*** Titled Tuesday 3|2 Blitz"]
[Site "Chess.com"]
[Date "2015.10.06"]
[Round "8"]
[White "GregShahade"]
[Black "Goala"]
[Result "1-0"]
[WhiteElo "2302"]
[BlackElo "2156"]
[TimeControl "180+2"]
[EndTime "12:41:40 PDT"]
[Termination "GregShahade won by resignation"]

1. e4 e6 2. d4 d5 3. Nd2 Nf6 4. e5 Nfd7 5. c3 c5 6. Bd3 Nc6 7. Ne2 cxd4 8. cxd4 f6 9. exf6 Nxf6 10. O-O Bd6 11. Nf3 Qc7 12. g3 O-O 13. Bf4 Ng4 14.
Bxd6 Qxd6 15. Nc3 e5 16. dxe5 Qh6 17. h4 Ngxe5 18. Ng5 Bg4 19. Bxh7+ Kh8 20. Qa4 Nf3+ 21. Nxf3 Bxf3 22. Bc2 d4 23. Nb5 Rad8 24. Rae1 d3 25. Bd1 d2 26. Re3 Bxd1 27. Qxd1 Nd4 28. Nxd4 Rxd4 29. Qe2 Kh7 30. Rd1 Rfd8 31. Re5 Qf6 32. Qh5+ Kg8 33. Re8+ Rxe8 34. Qxe8+ Kh7 35. Qh5+ Kg8 36.
Qe2 Qd6 37. h5 Qd5 38. Qe8+ Kh7 39. Qg6+ Kg8 40. h6 Qe5 41. Qxg7+ Qxg7 42. hxg7 Kxg7 43.
Kf1 Ra4 44. a3 Rd4 45. Ke2 1-0

[Event "*** Titled Tuesday 3|2 Blitz"]
[Site "Chess.com"]
[Date "2015.10.06"]
[Round "8"]
[White "LADIESGET2KNOWME"]
[Black "HansCoolNiemann"]
[Result "0-1"]
[WhiteElo "2260"]
[BlackElo "2080"]
[TimeControl "180+2"]
[EndTime "12:42:13 PDT"]
[Termination "HansCoolNiemann won on time"]

1. Nf3 Nf6 2. d4 g6 3. c4 Bg7 4.
Nc3 d5 5. Bf4 O-O 6. e3 Bg4 7.
Qb3 Bxf3 8. gxf3 dxc4 9. Qxb7 Nbd7 10. Qxc7 Qxc7 11. Bxc7 Rfc8 12. Bg3 Nh5 13. Nd5 Kf8 14. Bh4 e6 15. Nc3 e5 16. O-O-O exd4 17. exd4 Nf4 18. Bg3 Ne6 19. d5 Nd4 20. Bg2 Nc5 21.
Bd6+ Kg8 22. Bxc5 Rxc5 23. Rhe1 Kf8 24. Re4 Nf5 25. d6 Rd8 26. d7 Rc7 27. Bh3 Rdxd7 28. Rxd7 Rxd7 29. Rxc4 Bh6+ 30. Kb1 Rd2 31. Bxf5 gxf5 32.
Rc7 Rxf2 33. Rxa7 Rxh2 34. a4 Be3 35. Ra5 h5 36. Rxf5 h4 37. Nd5 Bd4 38. Rf4 Be5 39. Re4 Bb8 40. Nf6 Kg7 41. Ng4 Rh1+ 42. Ka2 f5 43.
Re7+ Kg6 44. Ne5+ Kf6 45. Nc6 Bd6 46. Rh7 h3 47. a5 Rc1 48. Rh6+ Kg5 0-1

[Event "*** Titled Tuesday 3|2 Blitz"]
[Site "Chess.com"]
[Date "2015.10.06"]
[Round "8"]
[White "chessloveyou"]
[Black "MFBerna"]
[Result "0-1"]
[WhiteElo "2152"]
[BlackElo "2096"]
[TimeControl "180+2"]
[EndTime "12:42:20 PDT"]
[Termination "MFBerna won by resignation"]

1. d4 d5 2. Nf3 e6 3. g3 Nf6 4. Bg2 Be7 5. O-O O-O 6. c4 dxc4 7.
Qc2 a6 8. Qxc4 b5 9. Qc2 Bb7 10. Bf4 Bd6 11. Bg5 Nbd7 12. Nc3 Be7 13. Bf4 c5 14. dxc5 Bxc5 15. Rad1 Qb6 16. Bg5 Rac8 17. e3 h6 18. Bxf6 Nxf6 19. Qe2 Rfd8 20. Rxd8+ Rxd8 21. Rd1 Rxd1+ 22. Qxd1 Bxe3 23. fxe3 Qxe3+ 24. Kf1 Ng4 25. Qe1 Bxf3 26. Qxe3 Bxg2+ 27. Ke2 Nxe3 28. Kxe3 e5 29. a4 Bc6 30. axb5 axb5 31. Na2 f5 32. Kd3 Kf7 33.
Kc3 f4 34. gxf4 exf4 35. Kd4 Ke6 36. Nb4 Bb7 37. Nd3 Kf5 38. Kc5 Ke4 39. Nf2+ Ke3 40. Ng4+ Ke2 41. Kxb5 f3 42. Kc5 h5 43. Ne5 f2 0-1

[Event "*** Titled Tuesday 3|2 Blitz"]
[Site "Chess.com"]
[Date "2015.10.06"]
[Round "8"]
[White "kleinebeer98"]
[Black "Makalexa"]
[Result "0-1"]
[WhiteElo "2238"]
[BlackElo "1997"]
[TimeControl "180+2"]
[EndTime "12:42:22 PDT"]
[Termination "Makalexa won by resignation"]

1. e4 c5 2. Nf3 d6 3. d4 cxd4 4. Nxd4 Nf6 5. Nc3 a6 6. g3 g6 7.
Bg2 Bg7 8. O-O O-O 9. h3 Nbd7 10.
Be3 Rb8 11. a4 Qc7 12. Kh2 e5 13. Nde2 Nc5 14. b4 Ne6 15. Nd5 Nxd5 16. exd5 Nd8 17.
Ra3 b5 18. Rc3 Qd7 19. a5 f5 20. Bb6 e4 21. Rc7 Qe8 22. Nf4 Rf7 23. c4 Rxc7 24.
Bxc7 Rb7 25. Bxd6 bxc4 26. Qc2 Nf7 27. Bc5 c3 28. Ne2 Rd7 29. Nxc3 Bxc3 30. Qxc3 Rxd5 31. f3 Rd3 32. Qc2 Qd7 33. fxe4 Rd2 34. Qc3 f4 35. g4 g5 36. Rf2 Rd3 37. Qc4 Bb7 38. Kh1 Kg7 39.
Bf1 Ne5 40. Qc2 Bxe4+ 41. Kg1 Rg3+ 42. Kh2 Bxc2 0-1

[Event "*** Titled Tuesday 3|2 Blitz"]
[Site "Chess.com"]
[Date "2015.10.06"]
[Round "8"]
[White "Tal-Baronfew"]
[Black "IMRosen"]
[Result "1-0"]
[WhiteElo "2758"]
[BlackElo "2253"]
[TimeControl "180+2"]
[EndTime "12:42:27 PDT"]
[Termination "Tal-Baronfew won by resignation"]

1. d4 d5 2. c4 e6 3. Nc3 Nf6 4. cxd5 exd5 5. Bg5 c6 6. Qc2 Na6 7. e3 Nb4 8. Qb1 g6 9. Qd1 Bf5 10. Rc1 a5 11. a3 Na6 12. Qb3 b5 13. Bxf6 Qxf6 14. Nxd5 cxd5 15. Bxb5+ Kd8 16. Qxd5+ Bd6 17. Qxa8+ Nb8 18. Nf3 Ke7 19. Qb7+ Kf8 20. O-O Kg7 21.
Rfe1 Bg4 22. h3 h5 23. Bf1 Bd7 24. e4 Qf4 25. e5 Be7 26. Qe4 Qh6 27. d5 Bf5 28. Qe3 g5 29. Nd4 Bg6 30. d6 Bd8 31. Bd3 Qh7 32. Bxg6 Qxg6 33. e6 Re8 34. e7 Bb6 35.
Ne6+ fxe6 36. Qxb6 Nd7 37. Qd4+ e5 38. Rxe5 Nxe5 39. Qxe5+ Kf7 40. Re1 Qd3 41. Qe6+ Kg7 42. d7 1-0

[Event "*** Titled Tuesday 3|2 Blitz"]
[Site "Chess.com"]
[Date "2015.10.06"]
[Round "8"]
[White "talaicito"]
[Black "HubertKnott"]
[Result "1-0"]
[WhiteElo "1962"]
[BlackElo "1988"]
[TimeControl "180+2"]
[EndTime "12:42:31 PDT"]
[Termination "talaicito won by resignation"]

1. e4 e5 2. Nf3 Nc6 3. Bb5 a6 4. Ba4 Nf6 5. O-O Be7 6. Re1 b5 7. Bb3 d6 8. c3 O-O 9. h3 Na5 10. Bc2 c5 11. d4 Qc7 12. dxe5 dxe5 13. Nbd2 Rd8 14. Qe2 Nc6 15. Nf1 g6 16. Ne3 Be6 17.
Ng5 Bd7 18. Nd5 Qd6 19. Rd1 Nxd5 20. Rxd5 Qc7 21. a4 f6 22. Nf3 b4 23. Bb3 Be6 24. Rxd8+ Nxd8 25. Bxe6+ Nxe6 26. Qc4 Qd6 27. Be3 Kg7 28. Nd2 Rd8 29. Nb3 Rd7 30. Na5 Nd8 31.
Rc1 Nb7 32. Nb3 a5 33. cxb4 axb4 34. Bxc5 Nxc5 35. Nxc5 Ra7 36. Ne6+ Kh6 37. b3 g5 38. h4 Bd8 39. hxg5+ fxg5 40. Nxd8 Qxd8 41. Qe6+ Kg7 42. Qxe5+ Qf6 43. Qxf6+ Kxf6 44. Rc5 Re7 45. f3 Kg6 46.
Rb5 1-0

[Event "*** Titled Tuesday 3|2 Blitz"]
[Site "Chess.com"]
[Date "2015.10.06"]
[Round "8"]
[White "BIG_Pirate"]
[Black "Boryboy"]
[Result "1-0"]
[WhiteElo "2290"]
[BlackElo "2461"]
[TimeControl "180+2"]
[EndTime "12:42:35 PDT"]
[Termination "BIG_Pirate won by resignation"]

1. e4 e6 2. d4 d5 3. Nc3 Nf6 4. e5 Ne4 5. Nxe4 dxe4 6. Ne2 c5 7. c3 Nc6 8. Be3 cxd4 9. cxd4 Bb4+ 10. Nc3 O-O 11. Be2 b6 12. O-O Bxc3 13. bxc3 Bb7 14. Qc2 Rc8 15. Qxe4 Qd7 16. Qh4 Ne7 17. Rac1 Nf5 18.
Qh3 f6 19. exf6 Rxf6 20. Rfd1 Rg6 21. Bf3 Bxf3 22. Qxf3 Nh4 23. Qe4 Nxg2 24. Kh1 Nxe3 25. fxe3 Qd5 26. Qxd5 exd5 27. Rf1 Rgc6 28. Rf5 Rxc3 29.
Rxc3 Rxc3 30. Re5 a5 31. Kg2 Rc2+ 32. Kg3 Rxa2 33. Rxd5 Rb2 34. e4 a4 35. Rd7 Rb5 36.
e5 Kf8 37. e6 a3 38. d5 a2 39. d6 g5 40. e7+ Kf7 41. Rd8 Re5 42. Rf8+ Kg7 43. Ra8 Kf7 44. Rxa2 1-0

[Event "*** Titled Tuesday 3|2 Blitz"]
[Site "Chess.com"]
[Date "2015.10.06"]
[Round "8"]
[White "AleksandrNevski"]
[Black "Mornar1951"]
[Result "0-1"]
[WhiteElo "2437"]
[BlackElo "2612"]
[TimeControl "180+2"]
[EndTime "12:42:53 PDT"]
[Termination "Mornar1951 won on time"]

1. Nf3 d5 2. e3 Nf6 3. c4 c5 4. cxd5 Nxd5 5. Nc3 Nxc3 6. dxc3 Qxd1+ 7. Kxd1 Bf5 8. Nd2 Nc6 9. e4 Bg6 10. f3 O-O-O 11.
Kc2 e6 12. Bb5 Bd6 13. Nc4 Bc7 14. Bxc6 bxc6 15. Kb3 f5 16. e5 Rd5 17. Bg5 h6 18. Be7 Kd7 19. Bd6 Rb8+ 20. Ka3 f4 21. Bxc7 Kxc7 22. Rhe1 Bd3 23. Nd6 c4 24. b3 cxb3 25. axb3 Bc2 26. b4 a5 27. Kb2 Rd2 28. Rxa5 Rxg2 29. Ra7+ Kb6 30. Raa1 Be4+ 31. Kb3 Bxf3 32. c4 c5 33. Ra5 cxb4 34. Rb5+ Kc7 35. Ra1 Rxb5 36. cxb5 Bd5+ 37. Kxb4 Rb2+ 38. Kc5 Rc2+ 39. Kd4 f3 40. Ra6 f2 41. b6+ Kb8 42. Ra1 Bg2 43. b7 Bxb7 44. Rb1 Rb2 45. Rxb2 f1=Q 46. Rxb7+ Ka8 47.
Kc5 Qf4 48. Kb6 Qd4+ 49. Ka6 g5 50. Nb5 Qa4+ 51. Kb6 Qxb5+ 52. Kxb5 Kxb7 53. Kc5 Kc7 0-1

[Event "*** Titled Tuesday 3|2 Blitz"]
[Site "Chess.com"]
[Date "2015.10.06"]
[Round "8"]
[White "rikyshi"]
[Black "alexsuper1987"]
[Result "1/2-1/2"]
[WhiteElo "2131"]
[BlackElo "2186"]
[TimeControl "180+2"]
[EndTime "12:42:59 PDT"]
[Termination "Game drawn by agreement"]

1. e4 c5 2. Nf3 e6 3. c3 d5 4. exd5 exd5 5. d4 Nf6 6. Bd3 cxd4 7. cxd4 Be7 8. O-O O-O 9. Nc3 Nc6 10. h3 Re8 11.
Be3 a6 12. a4 Bb4 13. Qb3 Qd6 14. Ne5 Bxc3 15. Nxc6 Qxc6 16. Rac1 Bd7 17. a5 Qc7 18.
Qxc3 Qd6 19. Qc5 Qxc5 20. Rxc5 Bc6 21. Rfc1 Ne4 22. Bxe4 Rxe4 23. g3 f5 24. R5c2 h6 25.
h4 Kf7 26. Rd2 Kf6 27. Bf4 g5 28. Be5+ Kg6 29. hxg5 hxg5 30. Kg2 f4 31. f3 Re3 32. gxf4 gxf4 33. Bxf4 Rb3 34. Rh1 Kf5 35. Be5 Rg8+ 36. Kf2 Rg5 37. Rh4 Ke6 38. Rh6+ Kd7 39. Rd6+ Ke7 40. Bf6+ Kxd6 41. Bxg5 Kd7 42. Bf4 Rb5 43. Be5 Rxa5 1/2-1/2

[Event "*** Titled Tuesday 3|2 Blitz"]
[Site "Chess.com"]
[Date "2015.10.06"]
[Round "8"]
[White "pKiLz5Rn9b"]
[Black "Saitama_Hero"]
[Result "1-0"]
[WhiteElo "2403"]
[BlackElo "2144"]
[TimeControl "180+2"]
[EndTime "12:43:19 PDT"]
[Termination "pKiLz5Rn9b won by resignation"]

1. e4 c5 2. c3 g6 3. d4 cxd4 4. cxd4 d5 5. e5 Bg7 6. Nc3 Nc6 7. h3 Nh6 8. g4 O-O 9. Bg2 e6 10. Nge2 f6 11. exf6 Qxf6 12. Be3 Nf7 13. O-O Qh4 14. Ng3 Ng5 15. Kh2 e5 16. dxe5 Nxe5 17. Bxg5 Qxg5 18. Qxd5+ Kh8 19. f4 Rxf4 20. Rxf4 Qxf4 21. Rf1 Qg5 22. Nce4 Qe7 23. Qd6 Qxd6 24. Nxd6 Be6 25. b3 Rd8 26. Nxb7 Rd2 27. Nc5 Bd5 28. Nce4 Rxa2 29. Rd1 Bxb3 30. Rd8+ Bg8 31. Nd2 Bf6 32. Rxg8+ Kxg8 33. Bd5+ Kg7 34.
Bxa2 Bg5 35. Nde4 Bf4 36. Kg2 a5 37. Bb3 Nd3 38. Ne2 Be5 39. N4c3 Nc5 40. Bc2 Kf6 41. Kf3 Kg5 42. Na4 Ne6 43. Bb3 Nc7 44. Nc5 Kh4 45. Kg2 Nb5 46. Ne4 Na7 47. Ng1 1-0

[Event "*** Titled Tuesday 3|2 Blitz"]
[Site "Chess.com"]
[Date "2015.10.06"]
[Round "8"]
[White "SenseiJulio"]
[Black "AnthonyWirig"]
[Result "1-0"]
[WhiteElo "2647"]
[BlackElo "2547"]
[TimeControl "180+2"]
[EndTime "12:43:20 PDT"]
[Termination "SenseiJulio won by resignation"]

1. d4 Nf6 2. c4 e6 3. Nc3 Bb4 4. g3 d5 5. Nf3 O-O 6. Bg2 dxc4 7.
O-O a6 8. Bg5 h6 9. Bxf6 Qxf6 10. Ne5 Rd8 11. e3 c5 12. Ne4 Qe7 13. a3 Ba5 14. Nxc5 Bb6 15. Ne4 Bc7 16. Nxc4 b5 17.
Ncd6 Ra7 18. Nxc8 Rxc8 19. Rc1 Rd8 20. Qh5 Nd7 21. Rc6 Bb8 22. Rfc1 b4 23. a4 f5 24.
Nc5 Nxc5 25. R1xc5 Bd6 26. Rc4 Rc7 27. Rxc7 Bxc7 28.
Qf3 Bd6 29. a5 Kf7 30. Qc6 Qa7 31. d5 e5 32. Bh3 g6 33. g4 Kf6 34. gxf5 gxf5 35.
Kf1 h5 36. Qb6 Qxb6 37. axb6 Rb8 38. Rc6 Ke7 39. Bxf5 a5 40. b3 h4 41. Bc8 a4 42.
bxa4 b3 43. Bf5 Bb4 44. Re6+ Kf7 45. Rc6 Ba5 46. d6 Bxb6 47. d7 b2 48. Rc8 b1=Q+ 49. Bxb1 Rb7 50. Bf5 Ke7 51. Re8+ Kf6 52. Bh3 Ra7 53.
Rb8 Bd8 54. Rxd8 Rxa4 55. Rf8+ 1-0

[Event "*** Titled Tuesday 3|2 Blitz"]
[Site "Chess.com"]
[Date "2015.10.06"]
[Round "8"]
[White "dabee"]
[Black "FMCouch"]
[Result "1-0"]
[WhiteElo "2346"]
[BlackElo "2033"]
[TimeControl "180+2"]
[EndTime "12:43:43 PDT"]
[Termination "dabee won by resignation"]

1. d4 Nf6 2. Bg5 g6 3. Bxf6 exf6 4. e3 d5 5. c4 dxc4 6. Bxc4 Bg7 7. Nc3 O-O 8. Nge2 f5 9. O-O Nd7 10. b4 Qe7 11. b5 c5 12. bxc6 bxc6 13. Rc1 c5 14. Bd5 Rb8 15. dxc5 Nxc5 16. Nd4 Bb7 17. Bxb7 Rxb7 18.
Nd5 Qd6 19. Nf3 Rd8 20. Nf4 Qe7 21. Qc2 Ne4 22. Rb1 Rc7 23. Qb3 Nc3 24. Rb2 Ne4 25. Rc2 Rb7 26. Qa4 Nc3 27. Qa5 Rc8 28. h4 Rc5 29. Qa3 Qc7 30. Rfc1 Ne2+ 31. Rxe2 Rxc1+ 32. Kh2 Rbb1 33. Rd2 h6 34. Qa4 Qe7 35. Rd7 Rh1+ 36. Kg3 Qf6 37. Nd5 Qe6 38. Qxa7 Bf6 39. Nxf6+ Qxf6 40. Qa8+ Kh7 41. Qf8 f4+ 42. exf4 Rbc1 43. Rxf7+ Qxf7 44. Qxf7+ Kh8 45. Qxg6 h5 46. Qxh5+ Kg7 47.
Qg5+ Kf8 48. Qf6+ Ke8 49. h5 Rhd1 50. h6 Rd7 51. Qg6+ Kd8 52. h7 Kc7 53. h8=Q Rcd1 54.
Qc3+ 1-0

[Event "*** Titled Tuesday 3|2 Blitz"]
[Site "Chess.com"]
[Date "2015.10.06"]
[Round "8"]
[White "jefferyx"]
[Black "ChessTrener"]
[Result "1-0"]
[WhiteElo "2541"]
[BlackElo "2477"]
[TimeControl "180+2"]
[EndTime "12:43:46 PDT"]
[Termination "jefferyx won by resignation"]

1. b4 e5 2. a3 Nf6 3. Bb2 d6 4. e3 Be7 5. Bc4 O-O 6. Ne2 d5 7. Bb3 Bd6 8. O-O Qe7 9. f4 Nbd7 10. c4 dxc4 11. Bxc4 a5 12. Nbc3 axb4 13. axb4 Rxa1 14. Qxa1 Bxb4 15. Ng3 exf4 16. Nf5 Qc5 17. Rxf4 Nb6 18. Nxg7 Nxc4 19. Na4 Qd5 20. Bxf6 Bxd2 21. Rf3 Bxe3+ 22. Kh1 Bg4 23. Rg3 h5 24. Nc3 Qc5 25. Ne4 Qd5 26. Be7 Bd4 27. Nf6+ Kxg7 28. Bxf8+ Kxf6 29. Qf1+ Ke6 30. h3 Be5 31. Rd3 Qe4 32. hxg4 hxg4 33. Qd1 Ne3 34.
Qb3+ Nc4 35. Qd1 b5 36. Bc5 Qh7+ 37. Kg1 Qh2+ 38. Kf2 Qf4+ 39. Kg1 Qh2+ 40. Kf2 Qh4+ 41. Kf1 Qh1+ 42. Bg1 Qh7 43. Qxg4+ Qf5+ 44. Qxf5+ Kxf5 45. Rd5 c6 46. Rc5 Ke4 47. Rxc6 f5 48. Ke2 Nd6 49.
Rb6 Kd5 50. Rb8 Kc6 51. Kf3 Bc3 52. Bh2 Nc4 53. Rc8+ Kd5 54. Bg1 b4 55. Rc5+ 1-0

[Event "*** Titled Tuesday 3|2 Blitz"]
[Site "Chess.com"]
[Date "2015.10.06"]
[Round "8"]
[White "gmjlh"]
[Black "lorcho"]
[Result "0-1"]
[WhiteElo "2621"]
[BlackElo "2615"]
[TimeControl "180+2"]
[EndTime "12:44:09 PDT"]
[Termination "lorcho won by checkmate"]

1. d4 e6 2. c4 d5 3. Nc3 c5 4.
cxd5 exd5 5. Nf3 Nc6 6. g3 Nf6 7. Bg2 Be7 8. O-O O-O 9. dxc5 Bxc5 10. Bg5 d4 11. Ne4 Be7 12. Bxf6 Bxf6 13. b4 a6 14.
a3 Re8 15. Nxf6+ Qxf6 16. Qd2 Bf5 17. Ne1 Be4 18. Bxe4 Rxe4 19. Nd3 Rae8 20. Rfe1 h5 21. Rac1 h4 22. Rc5 b6 23. Rh5 Ne5 24. Nxe5 R8xe5 25.
Rxe5 Qxe5 26. Qd3 h3 27. Rc1 g6 28. Kf1 Qd5 29. Qf3 d3 30. Rd1 d2 31. g4 Qe5 32.
e3 Qb5+ 33. Qe2 Rc4 34. f3 Rc1 35. Kf2 Rxd1 36. Qxd1 Qd3 37. a4 b5 38. axb5 axb5 39. f4 Kh7 40. g5 Kg8 41. Kf3 Kh7 42. Kf2 Kg8 43. Kf3 f6 44. gxf6 Kf7 45. Kg4 Qxe3 46. Kg5 Qd3 47. Kg4 Qf5+ 48. Kg3 Qd3+ 49. Kg4 Qd4 50. Kf3 Kxf6 51. Ke2 Kf5 52. Qb1+ Qe4+ 53. Qxe4+ Kxe4 54. Kxd2 Kxf4 55. Kd3 g5 56. Kd4 g4 57. Kc5 g3 58. hxg3+ Kxg3 59. Kxb5 h2 60. Ka6 h1=Q 61. b5 Qh8 62. b6 Qb8 63. Kb5 Kf4 64. Kc5 Kf5 65. Kc6 Kf6 66. Kc5 Ke7 67. Kb5 Kd7 68. Ka6 Kc6 69. Ka5 Qxb6+ 70. Ka4 Qb2 71. Ka5 Qb5# 0-1

[Event "*** Titled Tuesday 3|2 Blitz"]
[Site "Chess.com"]
[Date "2015.10.06"]
[Round "8"]
[White "FairChess_on_YouTube"]
[Black "1stSecond"]
[Result "1-0"]
[WhiteElo "2713"]
[BlackElo "2410"]
[TimeControl "180+2"]
[EndTime "12:44:22 PDT"]
[Termination "FairChess_on_YouTube won by resignation"]

1. e4 e5 2. Nf3 Nc6 3. d4 exd4 4. Nxd4 Bb4+ 5. c3 Bc5 6. Be3 Bb6 7. Nf5 g6 8. Bxb6 axb6 9. Ne3 Nf6 10. f3 Nh5 11.
Qd2 O-O 12. c4 f5 13. Nc3 f4 14. Ned5 Ne5 15. O-O-O d6 16. Kb1 Be6 17. Nb5 c6 18. Ndc7 Nxc4 19. Bxc4 Bxc4 20. Nxa8 cxb5 21. b3 Bf7 22. Qxd6 Qxa8 23. Qxb6 Ng7 24. Qxb5 Ne6 25. Rd6 Qa7 26. Qb6 Qa3 27. Rc1 Ra8 28. Rd2 Ra5 29.
Rc8+ Kg7 30. Qxb7 Ra7 31. Qb8 Qa5 32. Rcc2 g5 33. h3 Kg6 34. Qd6 Qb5 35. h4 gxh4 36. Rd5 Qf1+ 37. Rd1 Qb5 38. Rd5 Qf1+ 39. Kb2 Qa6 40. a4 Qb7 41. Rb5 Qd7 42. Rb6 Kg7 43. Qe5+ Kf8 44. Rb8+ Ke7 45. a5 Qd4+ 46. Qxd4 Nxd4 47.
Rc5 Nxb3 48. Rxb3 Bxb3 49. Kxb3 Kd6 50. Rd5+ Kc6 51. Rg5 h6 52. Rg4 Rxa5 53. Rxf4 Rg5 54. Kc4 Rxg2 55. Rxh4 Rg6 56. Kd4 Kd6 57. f4 Ke7 58. f5 Ra6 59. Ke5 Kf7 60. Kf4 Rb6 61. Rh1 Kg7 62. Rg1+ Kf7 63. Rc1 Rb4 64. Rc7+ Kg8 65.
f6 Kf8 66. Kf5 h5 67. e5 h4 68. Rc8+ 1-0

[Event "*** Titled Tuesday 3|2 Blitz"]
[Site "Chess.com"]
[Date "2015.10.06"]
[Round "8"]
[White "dretch"]
[Black "kpio91"]
[Result "0-1"]
[WhiteElo "2506"]
[BlackElo "2518"]
[TimeControl "180+2"]
[EndTime "12:44:38 PDT"]
[Termination "kpio91 won by resignation"]

1. d4 g6 2. c4 Bg7 3. Nf3 d6 4. e4 e5 5. Nc3 exd4 6. Nxd4 Nc6 7. Be3 Nge7 8. Be2 O-O 9. O-O f5 10. exf5 Bxd4 11. Bxd4 Nxf5 12. Be3 Nxe3 13. fxe3 Be6 14. Qd2 Ne5 15. b3 Qd7 16. Ne4 Qg7 17. c5 d5 18. Ng5 Qe7 19. h4 c6 20. Qd4 Bf5 21. Rf4 h6 22. Nf3 Nxf3+ 23. Bxf3 g5 24. hxg5 hxg5 25.
Rxf5 Rxf5 26. Bg4 Re5 27. Qd3 Rf8 28. Re1 Kg7 29. Qd4 Rf6 30. Bf3 b6 31. b4 bxc5 32. bxc5 Kh6 33. Kf2 Re4 34. Qb2 g4 35. Rh1+ Kg7 36.
Qb8 Rf8 37. Qh2 Kf7 38. Bxe4 Qxe4 39. Qh6 Ke7+ 40. Kg1 Rf6 41. Qg7+ Rf7 42. Qg5+ Kd7 43. Rh8 Qb1+ 44. Kh2 Rh7+ 45. Rxh7+ Qxh7+ 46. Kg3 Qc2 47.
Qxg4+ Kc7 48. Qg7+ Kb8 49. Qf8+ Kb7 50. Qe7+ Ka6 51.
a3 Qf5 52. Kh4 Qd3 53. g4 Qxa3 54. g5 Qd3 55. Kh5 Qe2+ 56. Kh6 d4 57. g6 Qxe3+ 58. Qxe3 dxe3 59. g7 e2 60. g8=Q e1=Q 61. Qc8+ Kb5 62. Qb7+ Kxc5 63. Qxa7+ Kd6 64. Qb8+ Kd5 65. Qb3+ Kd4 66.
Qa4+ Kc5 67. Qc2+ Kb5 68. Qd3+ Kb6 69. Qb3+ Kc7 70. Qf7+ Kd6 71. Qf4+ Qe5 72. Qb4+ Kc7 73. Kg6 Qd6+ 74. Qxd6+ Kxd6 75. Kf5 Kd5 0-1

[Event "*** Titled Tuesday 3|2 Blitz"]
[Site "Chess.com"]
[Date "2015.10.06"]
[Round "8"]
[White "Rickstereo"]
[Black "3f32"]
[Result "0-1"]
[WhiteElo "2097"]
[BlackElo "2275"]
[TimeControl "180+2"]
[EndTime "12:44:50 PDT"]
[Termination "3f32 won by resignation"]

1. d4 Nf6 2. c4 e6 3. Nc3 Bb4 4.
Qc2 d5 5. cxd5 exd5 6. Bg5 c5 7. Nf3 h6 8. Bxf6 Qxf6 9. e3 Nc6 10. Bb5 O-O 11.
Bxc6 Qxc6 12. O-O c4 13. Ne5 Qe6 14. e4 dxe4 15. Nxe4 b5 16. a4 Rd8 17. Rfd1 Bb7 18.
axb5 f6 19. Nc6 Bxc6 20. bxc6 Qxc6 21. Nc5 Qd5 22. Na6 Bd6 23. Ra4 Rac8 24. Qg6 Qb5 25. Ra2 Bf8 26. Qc2 Rc6 27. Nc5 Bxc5 28. dxc5 Rxd1+ 29.
Qxd1 Qxc5 30. Qd8+ Kh7 31. g3 Rd6 32. Qa8 Rd1+ 33.
Kg2 Rd2 34. Qe4+ f5 35. Qf3 a5 36. b4 Qd5 37. Rxd2 Qxd2 38. Qxf5+ Kg8 39. bxa5 c3 40. a6 Qd4 41. Qc8+ Kh7 42. Qf5+ Kg8 43. a7 Qxa7 44. Qc8+ Kh7 45. Qxc3 Qb7+ 46. Qf3 Qf7 47. Qe4+ g6 48. h4 h5 49. Qf3 Qc7 50. Qd5 Qa7 51. Kf3 Qe7 52.
Qe4 Qf6+ 53. Kg2 Qf7 54. Qf3 Qd7 55. Kh2 Qa7 56. Qf8 Qb7 57. Qf6 Qd7 58. Qf4 Qa7 59. Kg2 Kg7 60. Qf3 Qc7 61. Qd5 Qe7 62. Kf3 Qf6+ 63. Ke2 Qb2+ 64. Ke3 Qc1+ 65. Ke4 Qe1+ 66. Kf3 Qh1+ 0-1

[Event "*** Titled Tuesday 3|2 Blitz"]
[Site "Chess.com"]
[Date "2015.10.06"]
[Round "8"]
[White "Keranke"]
[Black "E-Shaposhnikov"]
[Result "1/2-1/2"]
[WhiteElo "2577"]
[BlackElo "2547"]
[TimeControl "180+2"]
[EndTime "12:45:45 PDT"]
[Termination "Game drawn by agreement"]

1. d4 Nf6 2. Nf3 e6 3. g3 b5 4. Bg2 Bb7 5. O-O c5 6. a4 b4 7. c3 cxd4 8. cxd4 Be7 9. a5 O-O 10. Nbd2 a6 11. Nc4 Be4 12. Nb6 Ra7 13. Ne5 Bxg2 14.
Kxg2 Nc6 15. Nxc6 dxc6 16. Qc2 Rc7 17. Bf4 Bd6 18. Bxd6 Qxd6 19. Qc4 Nd5 20. Qxa6 e5 21. Nc4 Qg6 22. Nxe5 Qe4+ 23. Nf3 Re8 24. Qd3 Qg4 25. Qd2 Rxe2 26. Qg5 Ne3+ 27. Qxe3 Rxe3 28. fxe3 Qe4 29. a6 Ra7 30. Rfc1 h6 31. Kf2 Re7 32. Ne5 f6 33. a7 Rxa7 34. Rxa7 fxe5 35. dxe5 Qxe5 36. Rxc6 Qxb2+ 37. Kf3 Qxh2 38. Rcc7 Qh5+ 39. g4 Qe5 40. Rcb7 b3 41. Ra8+ Kh7 42. Rab8 Qd5+ 43. Kg3 Qe5+ 44. Kf2 Qh2+ 45. Kf3 Qh3+ 46. Kf4 Qh2+ 47. Kf3 Qh3+ 48. Kf4 Qh2+ 49. Kf3 Qh1+ 50. Kg3 Qg1+ 51. Kf3 Qf1+ 52. Kg3 Qg1+ 53. Kf3 Qd1+ 54. Kg3 Qd6+ 55. Kf3 Qd5+ 56. Kg3 Qe5+ 57. Kf3 Qf6+ 58. Kg3 Qd6+ 59. Kf3 Qd1+ 60. Kg3 Qe1+ 61. Kf3 Qf1+ 62. Kg3 Qe1+ 63. Kf3 Qd1+ 64.
Kg3 Qd6+ 65. Kf3 Qf6+ 66. Kg3 Qe5+ 67. Kf3 Qh2 68. Rxb3 Qh3+ 69. Kf4 g5+ 70. Ke5 Qxg4 71. e4 Qf4+ 72. Kd5 g4 73. e5 g3 74. R3b7+ Kg6 75. Rg8+ Kh5 76. Rbg7 Qf3+ 77. Kd6 Qa3+ 78.
Ke6 Qb3+ 79. Kf6 Qf3+ 80. Ke7 Qb7+ 81. Ke6 Qc6+ 82. Kf7 Qf3+ 83. Ke7 Qb7+ 84. Kd6 Qb4+ 85. Kd5 Qd2+ 86. Ke4 Qe2+ 87. Kf4 Qf2+ 88. Ke4 Qe2+ 89. Kf5 Qf3+ 90. Ke6 Qc6+ 91. Ke7 1/2-1/2

[Event "*** Titled Tuesday 3|2 Blitz"]
[Site "Chess.com"]
[Date "2015.10.06"]
[Round "9"]
[White "lorcho"]
[Black "SenseiJulio"]
[Result "1-0"]
[WhiteElo "2633"]
[BlackElo "2618"]
[TimeControl "180+2"]
[EndTime "12:49:04 PDT"]
[Termination "lorcho won by resignation"]

1. e4 e6 2. d3 d5 3. Nd2 c5 4. Ngf3 Nf6 5. c3 Nc6 6. e5 Nd7 7. d4 Be7 8. Bd3 O-O 9. h4 f6 10. Bxh7+ Kxh7 11. Ng5+ Kg8 12. Qh5 fxg5 13. hxg5 Bxg5 14.
Ne4 Bxc1 15. Qh7+ Kf7 16. Nd6+ Ke7 17. Qxg7+ 1-0

[Event "*** Titled Tuesday 3|2 Blitz"]
[Site "Chess.com"]
[Date "2015.10.06"]
[Round "9"]
[White "Moltini"]
[Black "Boryboy"]
[Result "1-0"]
[WhiteElo "2203"]
[BlackElo "2448"]
[TimeControl "180+2"]
[EndTime "12:50:03 PDT"]
[Termination "Moltini won by resignation"]

1. d4 e6 2. c4 b6 3. Nf3 Bb7 4. a3 f5 5. Nc3 Nf6 6. g3 Be7 7. Bg2 O-O 8. O-O Ne4 9. Qd3 d5 10.
Ne5 Nd7 11. Nxd7 Qxd7 12. cxd5 exd5 13. Bf4 c6 14. f3 Nd6 15. e4 fxe4 16. fxe4 dxe4 17.
Nxe4 Nf5 18. Rad1 Rad8 19. Be5 c5 20. Nxc5 bxc5 21. Bxb7 Qxb7 22. Rxf5 Rxf5 23. Qxf5 cxd4 24. Qe6+ Kh8 25. Qf7 Rg8 26. Bxd4 Qe4 27. Qf2 a5 28.
Re1 Qb7 29. Qf7 Qd7 30. Re4 1-0

[Event "*** Titled Tuesday 3|2 Blitz"]
[Site "Chess.com"]
[Date "2015.10.06"]
[Round "9"]
[White "kpio91"]
[Black "Mornar1951"]
[Result "1-0"]
[WhiteElo "2528"]
[BlackElo "2602"]
[TimeControl "180+2"]
[EndTime "12:50:36 PDT"]
[Termination "kpio91 won by checkmate"]

1. c4 b6 2. e4 Bb7 3. Nc3 e5 4. g3 Bc5 5. Bg2 Nc6 6. Nge2 Nge7 7. d3 O-O 8. O-O Nd4 9. Be3 Nxe2+ 10. Qxe2 Nc6 11.
Bxc5 bxc5 12. Qd2 Nd4 13. f4 exf4 14. Rxf4 d6 15. Ne2 Nc6 16. Raf1 Ne5 17. b3 Bc8 18. h3 Be6 19. g4 f6 20. Ng3 a5 21.
g5 Qe7 22. gxf6 Rxf6 23. Rxf6 gxf6 24. Nh5 Rf8 25. Rxf6 Rxf6 26. Qg5+ Kh8 27. Nxf6 Bxh3 28. Qg8# 1-0

[Event "*** Titled Tuesday 3|2 Blitz"]
[Site "Chess.com"]
[Date "2015.10.06"]
[Round "9"]
[White "chessloveyou"]
[Black "Makalexa"]
[Result "1-0"]
[WhiteElo "2157"]
[BlackElo "1964"]
[TimeControl "180+2"]
[EndTime "12:51:49 PDT"]
[Termination "chessloveyou won by checkmate"]

1. d4 Nf6 2. g3 c5 3. d5 d6 4.
Bg2 g6 5. h4 Bg7 6. h5 Nxh5 7.
c4 Nf6 8. Nc3 h5 9. Nf3 Nbd7 10.
Bg5 Rb8 11. Qc2 a6 12. Nh4 b5 13. cxb5 axb5 14. Kf1 b4 15. Ne4 Nxd5 16. Nxd6+ Kf8 17. Nxf7 Kxf7 18. Bxd5+ Kf8 19. Nxg6+ Ke8 20. Nxh8 Ne5 21.
Rd1 Qb6 22. Qh7 Be6 23. Qxg7 Bxd5 24. Qxe7# 1-0